 Dungeon Crawl Stone Soup version 0.28-a0-533-g9f97627e2a (webtiles) character file.

Game seed: 14276064761637878086

28 Drevant2 the Sneak (level 3, -1/28 HPs)
             Began as a Naga Air Elementalist on Sept 25, 2021.
             Slain by an adder (3 damage)
             ... on level 2 of the Dungeon.
             The game lasted 00:06:10 (1902 turns).

Drevant2 the Sneak (Naga Air Elementalist)          Turns: 1902, Time: 00:06:11

Health: -1/28      AC:  2    Str:  8 (10) XL:     3   Next: 14%
Magic:  0/6        EV:  9    Int: 14 (16) God:
Gold:   24         SH:  0    Dex:  9 (11) Spells: 3/6 levels left

rFire   . . .      SeeInvis +   b - +0 dagger
rCold   . . .      Faith    .   (no shield)
rNeg    . . .      Spirit   .   a - +0 robe
rPois   +          Reflect  .   (no helmet)
rElec   .          Harm     .   (no cloak)
rCorr   .          Rampage  .   (no gloves)
Will    .....                   (no barding)
Stlth   ++........              (no amulet)
HPRegen 0.09/turn               (no ring)
MPRegen 0.10/turn               (no ring)

@: about to teleport, short of breath, very slow
A: AC +1, large, see invisible, deformed body, poison resistance, slowness 2,
spit poison 1, naga tail 1
a: Spit Poison


You were on level 2 of the Dungeon.
You visited 1 branch of the dungeon, and saw 2 of its levels.

You collected 24 gold pieces.

Inventory:

Hand Weapons
 b - a +0 dagger (weapon)
Armour
 a - a +0 robe (worn)
Scrolls
 c - a scroll of immolation {unknown}
 d - a scroll of amnesia {unknown}
 h - a scroll of fog {unknown}


   Skills:
 - Level 1.5 Dodging
 + Level 3.4 Stealth
 - Level 0.8 Unarmed Combat
 + Level 2.3 Spellcasting
 + Level 1.2 Conjurations
 * Level 3.4 Air Magic


You had 3 spell levels left.
You knew the following spells:

 Your Spells              Type           Power      Damage    Failure   Level
a - Shock                 Conj/Air       32%        1d5       9%          1
b - Static Discharge      Conj/Air       8%         N/A       13%         2

Your spell library contained the following spells:

 Spells                   Type           Power      Damage    Failure   Level
 Swiftness                Air            11%        N/A       17%         3
 Apportation              Tloc           2%         N/A       22%         1
 Airstrike                Air            5%         N/A       50%         4
 Alistair's Intoxication  Tmut/Pois      0%         N/A       99%         5
 Invisibility             Hex            0%         N/A       100%        6


Dungeon Overview and Level Annotations

Branches:
Dungeon (2/15)

Altars:


Innate Abilities, Weirdness & Mutations

Your serpentine skin is tough. (AC +1)
You have supernaturally acute eyesight. (SInv)
Armour fits poorly on your strangely shaped body.
Your system is resistant to poisons. (rPois)
You cover ground very slowly.
You can spit poison.
You have a snake-like lower body.


Message History

Okay, then.
You miss the adder.
The adder is heavily wounded.
The adder bites you.
You hit the adder but do no damage.
The adder is heavily wounded.
The adder barely misses you. The adder bites you.
You hit the adder.
The adder is heavily wounded.
The adder bites you.
You closely miss the adder.
The adder is heavily wounded.
The adder closely misses you.
Casting: Shock (safe; 9% risk of failure)
Confirm with . or Enter, or press ? or * to list all spells.
Aiming: Shock (safe; 9% risk of failure)
Press: ? - help, Shift-Dir - straight line The zap hits the adder.
The adder is severely wounded.
The adder bites you.
* * * LOW HITPOINT WARNING * * *
The adder barely misses you.
You aren't carrying any potions.
Press: ? - help, Shift-Dir - straight line, f - adder
Aim: an adder (severely wounded)
The splash of poison misses the adder.
The adder bites you.
* * * LOW HITPOINT WARNING * * *
Unknown command.
You aren't carrying any potions.
As you read the scroll labelled TUIDUILUENK, it crumbles to dust.
You hear a loud clanging noise!
It was a scroll of noise.
You hear a shout!
The adder closely misses you.
Unknown command.
As you read the scroll labelled BEZEM MOTOTH, it crumbles to dust.
You feel strangely unstable.
It was a scroll of teleportation.
The adder bites you but does no damage. The adder bites you.
You die...

........####
.$.........#
...........# #########
...........# #........
...........# #........
...........# #........
.......##..# #........
....... ##S###........
.......###@.##........
.......+.....'........
.......####.##........
....... #..#........
##.#........
#.######+## #..# ##.##
#####..####+##


You could see an adder.

Vanquished Creatures
  A worm (D:2)
  A dart slug (D:1)
  2 bats (D:1)
  2 endoplasms (D:1)
  A giant cockroach (D:1)
  5 hobgoblins
  3 ball pythons
  4 goblins (D:1)
  A rat (D:1)
20 creatures vanquished.

Notes
Turn   | Place    | Note
-------+----------+-------------------------------------------
     0 | D:1      | Drevant2 the Naga Air Elementalist began the quest for the
                  | Orb.
     0 | D:1      | Reached XP level 1. HP: 15/15 MP: 3/3
    15 | D:1      | Found a faded altar of an unknown god.
   513 | D:1      | Reached XP level 2. HP: 22/22 MP: 0/5
  1338 | D:2      | Learned a level 2 spell: Static Discharge
  1784 | D:2      | Reached XP level 3. HP: 7/28 MP: 2/6
  1902 | D:2      | Slain by an adder

Illustrated notes

Levels and vault maps discovered:
D:1:      scummos_arrival_checkerplants, layout_basic,
          shapermc_ecumenical_altar_flowoftime
D:2:      layout_basic

Action                   || total
-------------------------++-------
Melee: Unarmed           ||     9
       Dagger            ||    17
 Cast: Shock             ||    49
 Abil: Spit Poison       ||     8
  Use: Potion            ||     3
       Scroll            ||     2
Armor: Robe              ||    11
Dodge: Dodged            ||    29

Table legend: (Time is in decaauts)
 A = Elapsed time spent in this place.
 B = Non-inter-level travel time spent in this place.
 C = Inter-level travel time spent in this place.
 D = Time resting spent in this place.
 E = Time spent auto-exploring this place.
 F = Levels seen in this place.
 G = Mean time per level.
                   A        B        C        D        E       F      G
               +--------+--------+--------+--------+--------+-----+--------+
         Total |   2160 |   2125 |     35 |   1066 |    698 |   2 | 1080.0 |
       Dungeon |   2160 |   2125 |     35 |   1066 |    698 |   2 | 1080.0 |
               +--------+--------+--------+--------+--------+-----+--------+

Top non-repeatable levels by time:
     D:1: 1485 daAuts
     D:2: 674 daAuts
